 Dungeon Crawl Stone Soup version 0.27-a0-1202-ge72e49191c (webtiles) character file.

Game seed: 5727248526426759436

4 Delamore the Shield-Bearer (level 1, 0/18 HPs)
             Began as a Formicid Fighter on June 2, 2021.
             Slain by a goblin
             ... wielding a +0 dagger
              (3 damage)
             ... on level 1 of the Dungeon.
             The game lasted 00:00:19 (25 turns).

Delamore the Shield-Bearer (Formicid Fighter)         Turns: 25, Time: 00:00:19

Health: 0/18       AC:  6    Str: 20    XL:     1   Next: 77%
Magic:  1/1        EV:  7    Int:  7    God:
Gold:   0          SH:  9    Dex: 10    Spells: 0/0 levels left

rFire    . . .     SeeInvis +   a - +0 trident
rCold    . . .     Faith    .   c - +0 kite shield
rNeg     . . .     Spirit   .   b - +0 scale mail
rPois    .         Reflect  .   (helmet unavailable)
rElec    .         Harm     .   (no cloak)
rCorr    .         Rampage  .   (no gloves)
Will     .....                  (no boots)
Stlth    ..........             (no amulet)
HPRegen  0.06/turn              (no ring)
MPRegen  0.07/turn              (no ring)

@: very slow
A: permanent stasis, dig shafts and tunnels, antennae 3, four strong arms
a: Dig, Shaft Self


You were on level 1 of the Dungeon.
You visited 1 branch of the dungeon, and saw 1 of its levels.

Inventory:

Hand Weapons
 a - a +0 trident (weapon)
Armour
 b - a +0 scale mail (worn)
 c - a +0 kite shield (worn)
Potions
 d - a potion of might


   Skills:
 + Level 3.3 Fighting
 + Level 2.1 Polearms
 + Level 3.3 Armour
 + Level 3.7 Shields


You couldn't memorise any spells.
You didn't know any spells.
Your spell library was empty.

Dungeon Overview and Level Annotations

Branches:
Dungeon (1/15)

Altars:


Innate Abilities, Weirdness & Mutations

You cannot be hasted, slowed, berserked, paralysed or teleported.
You can dig through walls and to a lower floor.
You have a pair of large antennae on your head. (SInv)
Your four strong arms can wield two-handed weapons with a shield.


Message History

The bat hits you but does no damage.
There is a large open door here.
You puncture the hobgoblin!
You kill the hobgoblin!
You block the bat's attack. The bat hits you but does no damage.
The giant cockroach bites you but does no damage.
You hit the frilled lizard.
You kill the frilled lizard!
You block the bat's attack. You block the giant cockroach's attack.
The bat hits you but does no damage. The giant cockroach barely misses you.
You swing at nothing.
The bat hits you but does no damage.
The giant cockroach bites you but does no damage.
You closely miss the quokka. You block the bat's attack.
You block the giant cockroach's attack.
The giant cockroach bites you but does no damage.
The quokka bites you.
You hit the quokka.
You kill the quokka!
You block the bat's attack.
The giant cockroach splashes around in the water.
You block the giant cockroach's attack.
You hit the rat.
The rat is heavily wounded.
You block the giant cockroach's attack. The bat barely misses you.
The rat barely misses you.
You puncture the rat!
You kill the rat!
You block the bat's attack. The giant cockroach closely misses you.
You block the bat's attack. The giant cockroach bites you.
* * * LOW HITPOINT WARNING * * *
You closely miss the goblin. The bat hits you.
* * * LOW HITPOINT WARNING * * *
You block the giant cockroach's attack. The giant cockroach bites you.
* * * LOW HITPOINT WARNING * * *
The bat closely misses you.
You enter the shallow water.
Moving in this stuff is going to be slow.
The bat hits you but does no damage. The goblin hits you but does no damage.
The bat hits you but does no damage. The goblin hits you with a +0 dagger.
You die...

......######....##.
...≈≈≈≈≈≈§≈≈≈......
..≈8≈≈≈§≈≈8≈...##.
#≈≈8≈≈≈≈8†≈§.....
#≈≈≈####≈≈≈......
#§≈≈#..†≈§≈......
#≈≈≈#<.'≈§≈......
#≈≈≈####gBb......
#≈≈8≈≈≈≈8@≈......
#≈8≈≈§§≈≈8≈......
#≈≈≈§≈≈≈≈≈≈......
##...............
......###..#.#...
##....# ##.... ..
#.... #.... . ##
...+#


You could see a giant cockroach, a goblin and a bat.

Vanquished Creatures
  A hobgoblin (D:1)
  A quokka (D:1)
  2 frilled lizards (D:1)
  A rat (D:1)
5 creatures vanquished.

Notes
Turn   | Place    | Note
-------+----------+-------------------------------------------
     0 | D:1      | Delamore the Formicid Fighter began the quest for the Orb.
     0 | D:1      | Reached XP level 1. HP: 18/18 MP: 1/1
    25 | D:1      | Slain by a goblin

Illustrated notes

Levels and vault maps discovered:
D:1:      lightli_arrival_boilingwater, layout_rooms,
          chequers_ecumenical_altar_grove, kennysheep_pointless_box

Action                   || total
-------------------------++-------
Melee: Trident           ||    16
Armor: Scale mail        ||    19
Dodge: Dodged            ||    10
Block: Kite shield       ||    23

Table legend: (Time is in decaauts)
 A = Elapsed time spent in this place.
 B = Non-inter-level travel time spent in this place.
 C = Inter-level travel time spent in this place.
 D = Time resting spent in this place.
 E = Time spent auto-exploring this place.
 F = Levels seen in this place.
 G = Mean time per level.
                   A        B        C        D        E       F      G
               +--------+--------+--------+--------+--------+-----+--------+
         Total |     34 |     34 |      0 |      0 |      2 |   1 |   34.0 |
       Dungeon |     34 |     34 |      0 |      0 |      2 |   1 |   34.0 |
               +--------+--------+--------+--------+--------+-----+--------+

Top non-repeatable levels by time:
     D:1: 34 daAuts
